| TOP OF THE 1ST |
|
Greeneville Astros batting - Pitching for Baltimore (APP) Orioles : RHP Craig Painter
|
|
Pitching: RHP Craig Painter
|
|
|
Batting: RHB John Moore
|
0-0: Ball 1-0: Foul Ball, location: 2F 1-1: Ball 2-1: Ball 3-1: Called Strike 3-2: Foul Ball, location: 2F 3-2: SOLO HOME RUN (Flyball, 7D, EV 98.8 MPH), Distance : 378 ft
|
|
Batting: RHB Areda Obote
|
0-0: Ball 1-0: Called Strike 1-1: Foul Ball, location: 2F 1-2: Ball 2-2: Strikes out looking
|
|
Batting: RHB Juan Mendoza
|
0-0: Ball 1-0: Foul Ball, location: 2F 1-1: Ball 2-1: Ball 3-1: Called Strike 3-2: Base on Balls
|
|
Batting: LHB Lou Toth
|
0-0: Ball 1-0: Fly out, F8 (Flyball, 8RD, EV 91.2 MPH)
|
|
Batting: RHB Roger Pelley
|
0-0: Called Strike 0-1: Swinging Strike 0-2: Ball 1-2: SINGLE (Groundball, 34D, EV 97.5 MPH) Juan Mendoza to second
|
|
Batting: SHB Terciero Ortiz
|
0-0: Ball 1-0: Called Strike 1-1: Swinging Strike 1-2: Ground out 4-3 (Groundball, 4, EV 77.5 MPH)
|
| Top of the 1st over - 1 run, 2 hits, 0 errors, 2 left on base; Greeneville 1 - Baltimore (APP) 0 |
| BOTTOM OF THE 1ST |
|
Baltimore (APP) Orioles batting - Pitching for Greeneville Astros : LHP Chase Smith
|
|
Pitching: LHP Chase Smith
|
|
|
Batting: SHB Eric Kelley
|
0-0: Ball 1-0: Ball 2-0: Ball 3-0: Base on Balls
|
|
Batting: RHB Dou-wan Pan
|
0-0: Ball 1-0: Called Strike 1-1: Fielders Choice at 2nd, 6-4 (Groundball, 6, EV 87.5 MPH)
|
|
Batting: LHB Xue-liang Zhou
|
0-0: Ball 1-0: Foul Ball, location: 2F 1-1: Foul Ball, location: 2F 1-2: Fielders Choice at 2nd, 4-6 (Groundball, 4M, EV 79.4 MPH)
|
|
Batting: RHB Minoru Matsumoto
|
0-0: Ball 1-0: Called Strike 1-1: Ground out 6-3 (Groundball, 56, EV 105.0 MPH)
|
| Bottom of the 1st over - 0 runs, 0 hits, 0 errors, 1 left on base; Greeneville 1 - Baltimore (APP) 0 |
| TOP OF THE 2ND |
|
Greeneville Astros batting - Pitching for Baltimore (APP) Orioles : RHP Craig Painter
|
|
Batting: LHB Guadalupe Gonzalez
|
0-0: Ball 1-0: Fly out, F7 (Flyball, 78S, EV 88.8 MPH)
|
|
Batting: RHB Josh Reisner
|
0-0: Ball 1-0: Called Strike 1-1: Swinging Strike 1-2: Strikes out swinging
|
|
Batting: RHB Domingas Saragoa
|
0-0: Ball 1-0: Ball 2-0: Called Strike 2-1: Ball 3-1: Foul Ball, location: 2F 3-2: Strikes out swinging
|
| Top of the 2nd over - 0 runs, 0 hits, 0 errors, 0 left on base; Greeneville 1 - Baltimore (APP) 0 |
| BOTTOM OF THE 2ND |
|
Baltimore (APP) Orioles batting - Pitching for Greeneville Astros : LHP Chase Smith
|
|
Batting: RHB Ruben Domingues
|
0-0: Called Strike 0-1: Swinging Strike 0-2: Foul Ball, location: 2F 0-2: Fly out, F9 (Flyball, 9S, EV 83.1 MPH)
|
|
Batting: RHB C.J. Wells
|
0-0: Ball 1-0: Foul Ball, location: 2F 1-1: Ball 2-1: Fly out, F9 (Line Drive, 9LS, EV 98.1 MPH)
|
|
Batting: LHB Edwin Cabral
|
0-0: Foul Ball, location: 2F 0-1: Called Strike 0-2: Ground out 6-3 (Groundball, 6, EV 86.9 MPH)
|
| Bottom of the 2nd over - 0 runs, 0 hits, 0 errors, 0 left on base; Greeneville 1 - Baltimore (APP) 0 |
| TOP OF THE 3RD |
|
Greeneville Astros batting - Pitching for Baltimore (APP) Orioles : RHP Craig Painter
|
|
Batting: RHB John Moore
|
0-0: Ball 1-0: Ball 2-0: Ball 3-0: Called Strike 3-1: Ground out 3-1 (Groundball, 34S, EV 85.0 MPH)
|
|
Batting: RHB Areda Obote
|
0-0: Foul Ball, location: 2F 0-1: Foul Ball, location: 2F 0-2: Ball 1-2: Foul Ball, location: 2F 1-2: Ball 2-2: Foul Ball, location: 2F 2-2: DOUBLE (Line Drive, 3D, EV 94.4 MPH)
|
|
Batting: RHB Juan Mendoza
|
0-0: Called Strike 0-1: Called Strike 0-2: Fly out, F7 (Flyball, 7LS, EV 94.4 MPH)
|
|
Batting: LHB Lou Toth
|
0-0: Called Strike 0-1: Ball 1-1: DOUBLE (Flyball, 8RXD, EV 96.9 MPH) Areda Obote scores
|
|
Batting: RHB Roger Pelley
|
0-0: Called Strike 0-1: Called Strike 0-2: Ball 1-2: Ball 2-2: Foul Ball, location: 2F 2-2: Fly out, F7 (Flyball, 7S, EV 86.9 MPH)
|
| Top of the 3rd over - 1 run, 2 hits, 0 errors, 1 left on base; Greeneville 2 - Baltimore (APP) 0 |
| BOTTOM OF THE 3RD |
|
Baltimore (APP) Orioles batting - Pitching for Greeneville Astros : LHP Chase Smith
|
|
Batting: RHB Han Caspers
|
0-0: Ball 1-0: Fly out, F9 (Flyball, 9LM, EV 106.2 MPH)
|
|
Batting: LHB Ivan Alvarez
|
0-0: Hit by Pitch
|
|
Batting: SHB Eric Kelley
|
0-0: Hit by Pitch Ivan Alvarez to second
|
|
Batting: RHB Dou-wan Pan
|
0-0: Foul Ball, location: 2F 0-1: Foul Ball, location: 2F 0-2: DOUBLE (Flyball, 8RD, EV 89.4 MPH) Ivan Alvarez scores Eric Kelley to third Runner from 3rd tries for Home, SAFE, no throw by CF
|
|
Batting: LHB Xue-liang Zhou
|
0-0: Called Strike 0-1: Ball 1-1: DOUBLE (Line Drive, 5D, EV 94.4 MPH) Dou-wan Pan scores
|
|
Batting: RHB Minoru Matsumoto
|
0-0: SINGLE (Flyball, 4D, EV 85.0 MPH) Xue-liang Zhou to third
|
|
Batting: RHB Ruben Domingues
|
0-0: Called Strike Minoru Matsumoto is caught stealing 2nd base 2-4 0-1: Ball 1-1: Swinging Strike 1-2: Strikes out swinging
|
| Bottom of the 3rd over - 3 runs, 3 hits, 0 errors, 1 left on base; Greeneville 2 - Baltimore (APP) 3 |
| TOP OF THE 4TH |
|
Greeneville Astros batting - Pitching for Baltimore (APP) Orioles : RHP Craig Painter
|
|
Batting: SHB Terciero Ortiz
|
0-0: Ground out U3 (Groundball, 34, EV 85.0 MPH)
|
|
Batting: LHB Guadalupe Gonzalez
|
0-0: Ball 1-0: Foul Ball, location: 2F 1-1: Ball 2-1: Fly out, F8 (Flyball, 8LD, EV 106.2 MPH)
|
|
Batting: RHB Josh Reisner
|
0-0: Called Strike 0-1: Ball 1-1: Ball 2-1: Ball 3-1: Called Strike 3-2: Foul Ball, location: 2F 3-2: Base on Balls
|
|
Batting: RHB Domingas Saragoa
|
0-0: Called Strike 0-1: Called Strike 0-2: Ball 1-2: Foul Ball, location: 2F 1-2: Ball Wild Pitch! Josh Reisner to second 2-2: Ball 3-2: Strikes out swinging
|
| Top of the 4th over - 0 runs, 0 hits, 0 errors, 1 left on base; Greeneville 2 - Baltimore (APP) 3 |
| BOTTOM OF THE 4TH |
|
Baltimore (APP) Orioles batting - Pitching for Greeneville Astros : LHP Chase Smith
|
|
Batting: RHB C.J. Wells
|
0-0: Ball 1-0: Ground out 5-3 (Groundball, 5, EV 81.9 MPH)
|
|
Batting: LHB Edwin Cabral
|
0-0: Ball 1-0: Fly out, F8 (Flyball, 8RD, EV 106.9 MPH)
|
|
Batting: RHB Han Caspers
|
0-0: Ground out U3 (Groundball, 3L, EV 85.6 MPH)
|
| Bottom of the 4th over - 0 runs, 0 hits, 0 errors, 0 left on base; Greeneville 2 - Baltimore (APP) 3 |
| TOP OF THE 5TH |
|
Greeneville Astros batting - Pitching for Baltimore (APP) Orioles : RHP Craig Painter
|
|
Batting: RHB John Moore
|
0-0: Called Strike 0-1: Hit by Pitch
|
|
Batting: RHB Areda Obote
|
0-0: Swinging Strike 0-1: Ball 1-1: Ball 2-1: Foul Ball, location: 2F 2-2: Ball 3-2: Strikes out swinging John Moore is caught stealing 2nd base 2-4 Batter strikes out.
|
|
Batting: RHB Juan Mendoza
|
0-0: Ball 1-0: Called Strike 1-1: Called Strike 1-2: SOLO HOME RUN (Flyball, 7D, EV 101.9 MPH), Distance : 394 ft
|
|
Batting: LHB Lou Toth
|
0-0: Called Strike 0-1: Called Strike 0-2: Ball 1-2: Foul Ball, location: 2F 1-2: Ball 2-2: Strikes out looking
|
| Top of the 5th over - 1 run, 1 hit, 0 errors, 0 left on base; Greeneville 3 - Baltimore (APP) 3 |
| BOTTOM OF THE 5TH |
|
Baltimore (APP) Orioles batting - Pitching for Greeneville Astros : LHP Chase Smith
|
|
Batting: LHB Ivan Alvarez
|
0-0: Swinging Strike 0-1: Called Strike 0-2: Foul Ball, location: 2F 0-2: Strikes out swinging, 2-3 out at first.
|
|
Batting: SHB Eric Kelley
|
0-0: SOLO HOME RUN (Flyball, 7LD, EV 94.4 MPH), Distance : 349 ft
|
|
Batting: RHB Dou-wan Pan
|
0-0: Swinging Strike 0-1: Swinging Strike 0-2: Ball 1-2: Strikes out swinging
|
|
Batting: LHB Xue-liang Zhou
|
0-0: Called Strike 0-1: Ball 1-1: SINGLE (Groundball, 4MD, EV 105.6 MPH)
|
|
Batting: RHB Minoru Matsumoto
|
0-0: Ball 1-0: SINGLE (Groundball, 56D, EV 105.0 MPH) Xue-liang Zhou to second
|
|
Batting: RHB Ruben Domingues
|
0-0: Foul Ball, location: 2F 0-1: Ball 1-1: Fielders Choice at 2nd, 6-4 (Groundball, 56D, EV 106.9 MPH)
|
| Bottom of the 5th over - 1 run, 3 hits, 0 errors, 2 left on base; Greeneville 3 - Baltimore (APP) 4 |
| TOP OF THE 6TH |
|
Greeneville Astros batting - Pitching for Baltimore (APP) Orioles : RHP Craig Painter
|
|
Pitching: LHP Killian Wellman
|
|
|
Batting: RHB Roger Pelley
|
0-0: Foul Ball, location: 2F 0-1: Ball 1-1: Foul Ball, location: 2F 1-2: Ground out 5-3 (Groundball, 56, EV 100.6 MPH)
|
|
Batting: SHB Terciero Ortiz
|
0-0: Ball 1-0: Ground out 5-3 (Groundball, 56S, EV 69.4 MPH)
|
|
Batting: LHB Guadalupe Gonzalez
|
0-0: Ball 1-0: Fly out, F8 (Flyball, 8RM, EV 85.0 MPH)
|
| Top of the 6th over - 0 runs, 0 hits, 0 errors, 0 left on base; Greeneville 3 - Baltimore (APP) 4 |
| BOTTOM OF THE 6TH |
|
Baltimore (APP) Orioles batting - Pitching for Greeneville Astros : LHP Chase Smith
|
|
Batting: RHB C.J. Wells
|
0-0: Called Strike 0-1: Called Strike 0-2: Ball 1-2: SINGLE (Groundball, 6, EV 110.0 MPH)
|
|
Batting: LHB Edwin Cabral
|
0-0: Called Strike 0-1: Grounds into double play, 4-6-3 (Groundball, 4, EV 110.0 MPH)
|
|
Batting: RHB Han Caspers
|
0-0: Ball 1-0: Foul Ball, location: 2F 1-1: Ball 2-1: SINGLE (Groundball, 4D, EV 94.4 MPH)
|
|
Batting: LHB Ivan Alvarez
|
0-0: Foul Ball, location: 2F 0-1: Swinging Strike 0-2: Ground out 5-3 (Groundball, 56S, EV 86.9 MPH)
|
| Bottom of the 6th over - 0 runs, 2 hits, 0 errors, 1 left on base; Greeneville 3 - Baltimore (APP) 4 |
| TOP OF THE 7TH |
|
Greeneville Astros batting - Pitching for Baltimore (APP) Orioles : LHP Killian Wellman
|
|
Pinch Hitting: RHB Hugo Priego
|
0-0: Ball 1-0: Called Strike 1-1: Foul Ball, location: 2F 1-2: Strikes out looking
|
|
Batting: RHB Domingas Saragoa
|
0-0: Ball 1-0: Ball 2-0: Ball 3-0: Base on Balls
|
|
Batting: RHB John Moore
|
0-0: Called Strike 0-1: Ball 1-1: Ball 2-1: Called Strike 2-2: Ball 3-2: Base on Balls Domingas Saragoa to second
|
|
Batting: RHB Areda Obote
|
0-0: Foul Ball, location: 2F 0-1: Ball 1-1: Foul Ball, location: 2F 1-2: Strikes out looking
|
|
Batting: RHB Juan Mendoza
|
0-0: Hit by Pitch Domingas Saragoa to third John Moore to second
|
|
Pinch Hitting: RHB Jason Monico
|
0-0: Ball 1-0: Called Strike 1-1: SINGLE (Line Drive, 9S, EV 91.9 MPH) Domingas Saragoa scores John Moore to third Juan Mendoza to second Runner from 3rd tries for Home, SAFE, throw by RF to home
|
|
Batting: RHB Roger Pelley
|
0-0: Fly out, F8 (Line Drive, 89M, EV 86.9 MPH)
|
| Top of the 7th over - 2 runs, 1 hit, 0 errors, 2 left on base; Greeneville 5 - Baltimore (APP) 4 |
| BOTTOM OF THE 7TH |
|
Baltimore (APP) Orioles batting - Pitching for Greeneville Astros : LHP Chase Smith
|
|
Now at 2B: Jason Monico
|
|
|
Now in RF: Keith Goodwin
|
|
|
Batting: SHB Eric Kelley
|
0-0: Called Strike 0-1: Foul Ball, location: 2F 0-2: Foul Ball, location: 2F 0-2: Foul Ball, location: 2F 0-2: Ball 1-2: SINGLE (Flyball, 3D, EV 90.6 MPH)
|
|
Batting: RHB Dou-wan Pan
|
0-0: Ball 1-0: Called Strike 1-1: Foul Ball, location: 2F 1-2: Ball 2-2: Fielders Choice at 2nd, 4-6 (Groundball, 4M, EV 83.1 MPH)
|
|
Batting: LHB Xue-liang Zhou
|
0-0: Ball 1-0: Ball 2-0: DOUBLE (Groundball, 3L, EV 106.2 MPH) Dou-wan Pan to third Runner from 3rd tries for Home, SAFE, no throw by RF
|
|
Batting: RHB Minoru Matsumoto
|
0-0: Intentional Walk
|
|
Pinch Runner at 2nd Javier Brizuela:
|
|
|
Batting: RHB Ruben Domingues
|
0-0: Ball 1-0: Hit by Pitch Javier Brizuela to third Minoru Matsumoto to second
|
|
Pitching: RHP Vinny Salazar
|
|
|
Batting: RHB C.J. Wells
|
0-0: Ball 1-0: Ball 2-0: Foul Ball, location: 2F 2-1: Foul Ball, location: 2F 2-2: Foul Ball, location: 2F 2-2: Ball 3-2: Base on Balls Javier Brizuela scores Minoru Matsumoto to third Ruben Domingues to second
|
|
Batting: LHB Edwin Cabral
|
0-0: Called Strike 0-1: Foul Ball, location: 2F 0-2: Ball 1-2: Grounds into fielders choice 6-2 (Groundball, 6, EV 92.5 MPH) Ruben Domingues to third C.J. Wells to second
|
|
Batting: RHB Han Caspers
|
0-0: Ball 1-0: Called Strike 1-1: Ball 2-1: Called Strike 2-2: Ball 3-2: Fly out, F9 (Line Drive, 89M, EV 106.2 MPH)
|
| Bottom of the 7th over - 2 runs, 2 hits, 0 errors, 3 left on base; Greeneville 5 - Baltimore (APP) 6 |
| TOP OF THE 8TH |
|
Greeneville Astros batting - Pitching for Baltimore (APP) Orioles : LHP Killian Wellman
|
|
Pinch Hitting: RHB Gabe Allen
|
0-0: Fly out, F8 (Flyball, 8LD, EV 91.9 MPH)
|
|
Batting: LHB Guadalupe Gonzalez
|
0-0: Called Strike 0-1: Called Strike 0-2: Ball 1-2: Foul Ball, location: 2F 1-2: Strikes out swinging
|
|
Batting: RHB Keith Goodwin
|
0-0: Fly out, F7 (Flyball, 7, EV 91.2 MPH)
|
| Top of the 8th over - 0 runs, 0 hits, 0 errors, 0 left on base; Greeneville 5 - Baltimore (APP) 6 |
| BOTTOM OF THE 8TH |
|
Baltimore (APP) Orioles batting - Pitching for Greeneville Astros : RHP Vinny Salazar
|
|
Now at 1B: Gabe Allen
|
|
|
Batting: LHB Ivan Alvarez
|
0-0: Swinging Strike 0-1: Foul Ball, location: 2F 0-2: Strikes out swinging
|
|
Batting: SHB Eric Kelley
|
0-0: Ball 1-0: Ball 2-0: Ball 3-0: Base on Balls
|
|
Batting: RHB Dou-wan Pan
|
0-0: SINGLE (Flyball, 7LS, EV 88.1 MPH) Eric Kelley to second
|
|
Pitching: RHP Ernie Bell
|
|
|
Batting: LHB Chris Cohen
|
0-0: Ball 1-0: Ball 2-0: Called Strike 2-1: Ball 3-1: Foul Ball, location: 2F 3-2: Strikes out looking
|
|
Batting: RHB Minoru Matsumoto
|
0-0: Ball 1-0: Ball 2-0: Foul Ball, location: 2F 2-1: Ball 3-1: Foul Ball, location: 2F 3-2: Base on Balls Eric Kelley to third Dou-wan Pan to second
|
|
Batting: RHB Ruben Domingues
|
0-0: Called Strike 0-1: Foul Ball, location: 2F 0-2: Foul Ball, location: 2F 0-2: Ground out U3 (Groundball, 3, EV 82.5 MPH)
|
| Bottom of the 8th over - 0 runs, 1 hit, 0 errors, 3 left on base; Greeneville 5 - Baltimore (APP) 6 |
| TOP OF THE 9TH |
|
Greeneville Astros batting - Pitching for Baltimore (APP) Orioles : LHP Killian Wellman
|
|
Pitching: RHP Harold Price
|
|
|
Batting: RHB Domingas Saragoa
|
0-0: Ground out 4-3 (Groundball, 34, EV 84.4 MPH)
|
|
Batting: RHB John Moore
|
0-0: Ball 1-0: Called Strike 1-1: Foul Ball, location: 2F 1-2: Strikes out swinging
|
|
Batting: RHB Areda Obote
|
0-0: Foul Ball, location: 2F 0-1: Called Strike 0-2: Ball 1-2: Foul Ball, location: 2F 1-2: Foul Ball, location: 2F 1-2: Foul Ball, location: 2F 1-2: Ball 2-2: Foul Ball, location: 2F 2-2: Foul Ball, location: 2F 2-2: Ground out 4-3 (Groundball, 34S, EV 84.4 MPH)
|
| Top of the 9th over - 0 runs, 0 hits, 0 errors, 0 left on base; Greeneville 5 - Baltimore (APP) 6 |
|